 Dungeon Crawl Stone Soup version 0.21-a0-404-g291f19a (webtiles) character file.

196 Hasart the Digger (level 5, -9/28 HPs)
             Began as a Deep Elf Earth Elementalist on Oct 30, 2017.
             Killed from afar by an orc wizard (10 damage)
             ... with a magic dart
             ... on level 3 of the Dungeon.
             The game lasted 00:05:00 (2958 turns).

Hasart the Digger (Deep Elf Earth Elementalist)     Turns: 2958, Time: 00:05:01

Health: -9/28      AC:  3    Str:  5    XL:     5   Next: 45%
Magic:  0/14       EV: 12    Int: 21    God:
Gold:   31         SH:  0    Dex: 15    Spells: 9/13 levels left

rFire    . . .     SeeInvis .   g - +0 hand axe (curse)
rCold    . . .     Gourm    +   (no shield)
rNeg     . . .     Faith    .   c - +0 robe
rPois    .         Spirit   .   (no helmet)
rElec    .         Reflect  .   (no cloak)
rCorr    .         Harm     .   m - +0 pair of gloves
MR       .....                  (no boots)
Stlth    ++........             r - amulet of the gourmand
HPRegen  0.09/turn              (no ring)
MPRegen  0.14/turn              (no ring)

@: drained
A: no striking features
a: no special abilities


You were on level 3 of the Dungeon.
You were hungry.

You visited 1 branch of the dungeon, and saw 3 of its levels.

You collected 31 gold pieces.

Inventory:

Hand Weapons
 g - a cursed +0 hand axe (weapon)
 u - a +0 long sword of holy wrath
Missiles
 b - 84 stones (quivered)
Armour
 c - a +0 robe (worn)
 m - a +0 pair of gloves (worn)
Jewellery
 r - an amulet of the gourmand (around neck)
Scrolls
 h - a scroll of amnesia
Potions
 f - a potion of invisibility {unknown}
 k - a potion of agility {unknown}
 n - a potion of flight {unknown}
 o - a potion of magic {unknown}
 q - a potion of lignification {unknown}
Books
 e - a book of Geomancy

   Spells                             Type                      Level
   a - Sandblast                      Earth                        1
   b - Passwall                       Transmutation/Earth          2
   c - Stone Arrow                    Conjuration/Earth            3
   d - Petrify                        Transmutation/Earth          4
   e - Lee's Rapid Deconstruction     Earth                        5
Comestibles
 a - a royal jelly
 d - a bread ration
 i - a fruit
 j - 2 meat rations


   Skills:
 - Level 2.4(2.0) Dodging
 - Level 2.4(2.0) Stealth
 + Level 4.9(4.5) Spellcasting
 * Level 1.9(1.6) Conjurations
   Level 1.1(0.7) Transmutations
 + Level 5.5(5.1) Earth Magic


You had 9 spell levels left.
You knew the following spells:

 Your Spells              Type           Power        Failure   Level  Hunger
a - Sandblast             Erth           ####..       1%          1    None
c - Stone Arrow           Conj/Erth      ###...       9%          3    ##.....


Dungeon Overview and Level Annotations

Branches:
Dungeon (3/15)

Altars:


Message History

Casting: Sandblast
Confirm with . or Enter, or press ? or * to list all spells.
Aiming: Sandblast
Press: ? - help, Shift-Dir - straight line, f/p - orc wizard
Aim: an orc wizard, wielding a dagger of protection and wearing a robe (heavily wounded, fast)
The blast of sand hits the orc wizard.
The orc wizard is heavily wounded.
b - 85 stones The orc wizard closely misses you.
Casting: Sandblast
Confirm with . or Enter, or press ? or * to list all spells.
Aiming: Sandblast
Press: ? - help, Shift-Dir - straight line, f/p - orc wizard
Aim: an orc wizard, wielding a dagger of protection and wearing a robe (heavily wounded, fast)
The blast of sand hits the orc wizard.
The orc wizard is heavily wounded.
b - 84 stones The orc wizard gestures at you while chanting.
The magic dart hits you!
You die...

#...... #.#....
######...#..
...[.........
####..#.##..#
#########.........
#######.................
....))..###...###.......
#o@...(### #.......
#....###### #.......
..o.### ######## .##


You could see an orc wizard and an orc.

Vanquished Creatures
  A howler monkey (D:2)
  2 orc priests (D:3)
  A worker ant (D:2)
  A gnoll (D:1)
  An adder (D:3)
  2 dart slugs
  3 orcs (D:3)
  2 giant cockroaches (D:2)
  2 goblins (D:1)
  7 hobgoblins
  7 jackals
  A quokka (D:3)
  7 bats
  3 frilled lizards
  6 kobolds
  5 rats
51 creatures vanquished.

Notes
Turn   | Place    | Note
-------+----------+-------------------------------------------
     0 | D:1      | Hasart the Deep Elf Earth Elementalist began the quest for the Orb.
     0 | D:1      | Reached XP level 1. HP: 10/10 MP: 6/6
   145 | D:1      | Reached XP level 2. HP: 15/15 MP: 2/8
   207 | D:1      | Reached skill level 4 in Earth Magic
   977 | D:1      | Reached XP level 3. HP: 19/19 MP: 7/10
  1758 | D:2      | Reached XP level 4. HP: 5/24 MP: 7/12
  1997 | D:2      | Reached skill level 5 in Earth Magic
  2053 | D:2      | Learned a level 3 spell: Stone Arrow
  2947 | D:3      | Reached skill level 1 in Conjurations
  2947 | D:3      | Reached XP level 5. HP: 12/28 MP: 9/14
  2956 | D:3      | HP: 1/28 [orc wizard/dagger of protection (2)]
  2958 | D:3      | Killed from afar by an orc wizard

Vault maps used:
D:1:      dpeg_arrival_ternary
D:3:      first_bread

Skill      XL: |  1  2  3  4 |
---------------+-------------+-----
Earth Magic    | 4 5 |  5.5
Spellcasting   | 4 |  4.9
Conjurations   | 1 |  1.9
Dodging        | |  2.4
Stealth        | |  2.4
Transmutations | |  1.1

Action                   |  1- 3 |  4- 6 || total
-------------------------+-------+-------++-------
Melee: Unarmed           |     6 |       ||     6
       Flail             |    23 |       ||    23
       Hand axe          |    59 |    28 ||    87
 Cast: Sandblast         |    28 |    30 ||    58
  Use: Scroll            |       |     4 ||     4
 Stab: Sleeping          |     2 |       ||     2
  Eat: Chunk             |     3 |     3 ||     6
Armor: Robe              |    21 |     8 ||    29
Dodge: Dodged            |    95 |    31 ||   126

Table legend:
 A = Spawn XP
 B = Non-spawn XP
 C = Spawn XP percentage of total XP
 D = Spawn monster count
 E = Non-spawn monster count
 F = Spawn count percentage of total count
 G = Total turns spent on level
                    A         B        C        D         E        F      G
               +---------+---------+-------+---------+---------+-------+---------
         Total |       0 |     280 |   0.0 |       0 |      51 |   0.0 |  2958
               +---------+---------+-------+---------+---------+-------+---------
           D:1 |       0 |      57 |   0.0 |       0 |      28 |   0.0 |  1445
           D:2 |       0 |     111 |   0.0 |       0 |      14 |   0.0 |  1096
           D:3 |       0 |     112 |   0.0 |       0 |       9 |   0.0 |   417
               +---------+---------+-------+---------+---------+-------+---------
